 Dungeon Crawl Stone Soup version 0.24.0-28-g17ded55e90 (webtiles) character file.

Game seed: 12651835382929640580, levelgen mode: deterministic

121 Delamore the Chopper (level 5, -3/45 HPs)
             Began as a Hill Orc Fighter on Nov 13, 2019.
             Slain by a gnoll
             ... wielding a +3 halberd of protection
              (5 damage)
             ... on level 2 of the Dungeon.
             The game lasted 00:02:55 (2132 turns).

Delamore the Chopper (Hill Orc Fighter)             Turns: 2132, Time: 00:02:56

Health: -3/45      AC:  8    Str: 20    XL:     5   Next: 5%
Magic:  5/5        EV:  7    Int:  8    God:
Gold:   126        SH:  9    Dex: 10    Spells: 4/4 levels left

rFire    + . .     SeeInvis .   a - +0 war axe
rCold    + . .     Gourm    .   c - +0 shield
rNeg     . . .     Faith    .   b - +0 scale mail
rPois    +         Spirit   .   (no helmet)
rElec    +         Reflect  .   g - +0 cloak
rCorr    +         Harm     .   (no gloves)
MR       .....                  (no boots)
Stlth    ..........             (no amulet)
HPRegen  0.15/turn              (no ring)
MPRegen  0.09/turn              (no ring)

@: resistant
A: no striking features
a: no special abilities


You were on level 2 of the Dungeon.
You were not hungry.

You visited 1 branch of the dungeon, and saw 2 of its levels.

You collected 126 gold pieces.

Inventory:

Hand Weapons
 a - a +0 war axe (weapon)
Missiles
 n - 11 poisoned darts (quivered)
Armour
 b - a +0 scale mail (worn)
 c - a +0 shield (worn)
 g - a +0 cloak (worn)
Wands
 o - a wand of flame (25)
Scrolls
 e - a scroll of identify {unknown}
 i - a scroll of fear {unknown}
 q - 3 scrolls of noise {unknown}
Potions
 d - a potion of might
 h - 3 potions of brilliance {unknown}
 j - a potion of resistance
 k - 3 potions of curing
 l - a potion of heal wounds {unknown}
 m - a potion of lignification {unknown}
Comestibles
 f - 5 rations


   Skills:
 - Level 3.6 Fighting
 + Level 6.7 Axes
 - Level 3.2 Armour
 - Level 3.2 Shields


You had 4 spell levels left.
You didn't know any spells.
Your spell library was empty.

Dungeon Overview and Level Annotations

Branches:
Dungeon (2/15)

Altars:
Elyvilon
The Shining One


Message History

It was a potion of resistance.
You feel protected. You block the gnoll's attack.
Your shield and scale mail prevent you from hitting the gnoll.
The gnoll completely misses you.
You hit the gnoll but do no damage. You block the gnoll's attack.
You slash the gnoll!
The gnoll is severely wounded.
The gnoll hits you with a +3 halberd of protection.
* * * LOW HITPOINT WARNING * * *
You hit the gnoll but do no damage.
The gnoll is severely wounded.
You block the gnoll's attack.
You hit the gnoll.
The gnoll is almost dead.
You block the gnoll's attack.
You closely miss the gnoll.
The gnoll is almost dead.
The gnoll hits you with a +3 halberd of protection.
You die...

#################
#......##.......#
#.........#####.#
#.##.#..#.#####.#
#.##.........##.# #####
#.##.#..#.##.##.###...#
#.......#.##....@gg...#
#...............###...#
####.############ ##.##
#......# #)# #......###########
#g# #.......##.......###.#####
.........#.......##.#....#
#.......##.......###..(g.#
#......###.......###...(.######


You could see 2 gnolls.

Vanquished Creatures
  Terence (D:2)
  2 gnolls (D:2)
  3 adders
  A worm (D:2)
  2 dart slugs (D:1)
  3 leopard geckos
  2 giant cockroaches (D:1)
  5 goblins
  5 hobgoblins
  2 jackals (D:1)
  3 kobolds
  2 ball pythons
  2 bats (D:1)
  4 frilled lizards
  4 rats
41 creatures vanquished.

Notes
Turn   | Place    | Note
-------+----------+-------------------------------------------
     0 | D:1      | Delamore the Hill Orc Fighter began the quest for the Orb.
     0 | D:1      | Reached XP level 1. HP: 19/19 MP: 1/1
    50 | D:1      | Reached skill level 3 in Axes
   103 | D:1      | Reached XP level 2. HP: 15/26 MP: 2/2
   118 | D:1      | Reached skill level 4 in Axes
   576 | D:1      | Reached XP level 3. HP: 9/31 MP: 3/3
  1147 | D:2      | Reached skill level 5 in Axes
  1197 | D:2      | Found a glowing golden altar of the Shining One.
  1399 | D:2      | Noticed Terence
  1413 | D:2      | Killed Terence
  1413 | D:2      | Reached XP level 4. HP: 31/39 MP: 4/4
  1552 | D:2      | Found a white marble altar of Elyvilon.
  1608 | D:2      | Reached skill level 6 in Axes
  2120 | D:2      | Reached XP level 5. HP: 31/45 MP: 5/5
  2125 | D:2      | HP: 2/45 [gnoll/+3 halberd of protection (8)]
  2132 | D:2      | Slain by a gnoll

Levels and vault maps discovered:
D:1:      minmay_arrival_stone_box, layout_basic
D:2:      layout_loops_cross, tso_oasis_becter, elyvilon_altar_5, first_ration,
          glass_columns_c, uniq_terence

Skill      XL: |  1  2  3  4 |
---------------+-------------+-----
Axes           | 3 4 5 6 |  6.7
Fighting       | |  3.6
Armour         | |  3.2
Shields        | |  3.2

Action                   |  1- 3 |  4- 6 || total
-------------------------+-------+-------++-------
Melee: War axe           |    98 |    45 ||   143
Throw: Dart              |       |     5 ||     5
  Use: Potion            |       |     2 ||     2
  Eat: Chunk             |     2 |     2 ||     4
Armor: Scale mail        |    54 |    36 ||    90
Dodge: Dodged            |    26 |    20 ||    46
Block: Shield            |    45 |    28 ||    73
